 Dungeon Crawl Stone Soup version 0.29-a0-350-g7790a0e70a (webtiles) character file.

Game seed: 8301081384272837833

30727 greenreed the Thaumaturge (level 13, -8/99 HPs)
             Began as a Gnoll Air Elementalist on Apr 18, 2022.
             Was an Elder of Ru.
             Mangled by a cane toad (10 damage)
             ... on level 4 of the Lair of Beasts on Apr 22, 2022.
             The game lasted 01:42:26 (23766 turns).

greenreed the Thaumaturge (Gnoll Air Elementalist) Turns: 23766, Time: 01:42:29

Health: -8/99      AC: 21    Str: 12    XL:     13   Next: 53%
Magic:  6/26       EV: 12    Int: 21    God:    Ru [****..]
Gold:   714        SH:  0    Dex: 14    Spells: 2/31 levels left

rFire   + . .      SeeInvis .   V - +6 whip "Ruich" {flame, rElec rF+ Str+4}
rCold   + . .      Faith    .   (no shield)
rNeg    . . .      Spirit   .   l - +6 scale mail of Ruasedgha {rC+ Int+3}
rPois   +          Reflect  .   n - +2 helmet
rElec   +          Harm     .   I - scarf {rC+ rF+}
rCorr   .          Rampage  .   (no gloves)
Will    .....                   k - +2 pair of boots {Stlth+}
Stlth   ++++......              (no amulet)
HPRegen 0.26/turn               T - ring of wizardry
MPRegen 0.20/turn               H - ring of poison resistance

@: lethally poisoned (-8 -> -17), extremely horrified
A: fangs 1, cowardly, missing an eye, temperature sensitive, strong nose,
distributed training
a: Renounce Religion, Draw Out Power, Power Leap


You were on level 4 of the Lair of Beasts.
You worshipped Ru.
Ru was greatly pleased with you.
You visited 2 branches of the dungeon, and saw 16 of its levels.

You collected 1098 gold pieces.
You spent 384 gold pieces at shops.

Inventory:

Hand Weapons
 E - the +3 hand axe "Arbiter" {spect, Int+5}
   (You found it on level 7 of the Dungeon)

   When its wielder attacks, the weapon's spirit leaps out and strikes again.
   The spirit shares a part of any damage it takes with its wielder.
   Int:       It affects your intelligence (+5).
 V - the +6 whip "Ruich" (weapon) {flame, rElec rF+ Str+4}
   (You found it on level 10 of the Dungeon)

   It burns those it strikes, dealing additional fire damage.
   Str:       It affects your strength (+4).
   rF:        It protects you from fire.
   rElec:     It insulates you from electricity.
Missiles
 g - 27 poisoned darts (quivered)
Armour
 k - a +2 pair of boots of stealth (worn)
 l - the +6 scale mail of Ruasedgha (worn) {rC+ Int+3}
   (You found it on level 2 of the Dungeon)

   Int:       It affects your intelligence (+3).
   rC:        It protects you from cold.
 n - a +2 helmet (worn)
 s - a +2 robe of positive energy
 B - a +4 chain mail of fire resistance
 C - a +4 ring mail of fire resistance
 I - a scarf of resistance (worn)
Magical Staves
 y - a staff of earth
Jewellery
 a - a +6 ring of strength
 h - a ring of positive energy
 G - the ring of Caesoupede {Str+6 SInv}
   (You took it off a vampire on level 7 of the Dungeon)

   [ring of strength]

   Str:       It affects your strength (+6).
   SInv:      It lets you see invisible.
 H - a ring of poison resistance (right hand)
 J - a +6 ring of intelligence
 N - a ring of willpower
 T - a ring of wizardry (left hand)
 Y - a ring of protection from fire
Wands
 v - a wand of digging (16)
 A - a wand of acid (4)
 P - a wand of polymorph (7)
 S - a wand of flame (25)
 U - a wand of iceblast (5)
 Z - a wand of mindburst (10)
Scrolls
 c - 5 scrolls of fog
 f - 3 scrolls of enchant weapon
 i - 6 scrolls of teleportation
 p - 3 scrolls of identify
 q - a scroll of silence {unknown}
 r - 2 scrolls of fear {unknown}
 t - a scroll of immolation
 u - a scroll of holy word {unknown}
 w - a scroll of blinking
 M - 3 scrolls of amnesia
 O - a scroll of brand weapon {unknown}
 X - 2 scrolls of vulnerability {unknown}
Potions
 b - 3 potions of magic
 d - 2 potions of flight
 e - a potion of berserk rage {unknown}
 j - 8 potions of curing
 m - 3 potions of brilliance
 o - a potion of haste {unknown}
 x - a potion of cancellation
 z - 3 potions of invisibility
 K - a potion of heal wounds {unknown}
 L - a potion of lignification {unknown}
 Q - a potion of ambrosia {unknown}
 R - 3 potions of mutation
 W - a potion of attraction {unknown}
Miscellaneous
 D - a tin of tremorstones (2/2)
 F - a phantom mirror


   Skills:
 + Level 8.4 Fighting
 + Level 8.4 Short Blades
 + Level 8.4 Long Blades
 + Level 8.4 Axes
 + Level 8.4 Maces & Flails
 + Level 8.4 Polearms
 + Level 8.4 Staves
 + Level 8.4 Slings
 + Level 8.4 Bows
 + Level 8.4 Crossbows
 + Level 8.4 Throwing
 + Level 8.4 Armour
 + Level 9.6 Dodging
 + Level 9.4 Stealth
 + Level 8.4 Shields
 + Level 8.4 Unarmed Combat
 + Level 9.8 Spellcasting
 + Level 7.3 Conjurations
 + Level 7.0 Hexes
 + Level 7.0 Summonings
 + Level 7.0 Necromancy
 + Level 7.0 Translocations
 + Level 7.0 Transmutations
 + Level 7.0 Fire Magic
 + Level 7.0 Ice Magic
 + Level 9.0 Air Magic
 + Level 7.0 Earth Magic
 + Level 7.0 Poison Magic
 + Level 9.2 Invocations
 + Level 8.4 Evocations


You had 2 spell levels left.
You knew the following spells:

 Your Spells              Type           Power      Damage    Failure   Level
a - Shock                 Conj/Air       100%       1d9       1%          1
b - Static Discharge      Conj/Air       31%        N/A       1%          2
c - Swiftness             Air            34%        N/A       1%          3
d - Teleport Other        Tloc           28%        N/A       1%          3
e - Tukima's Dance        Hex            28%        N/A       1%          3
f - Airstrike             Air            17%        N/A       2%          4
g - Stone Arrow           Conj/Erth      56%        3d10      1%          3
h - Passwall              Tmut/Erth      23%        N/A       1%          2
i - Mephitic Cloud        Conj/Pois/Air  30%        N/A       1%          3
j - Manifold Assault      Tloc           28%        N/A       16%         5

Your spell library contained the following spells:

 Spells                   Type           Power      Damage    Failure   Level
 Apportation              Tloc           56%        N/A       1%          1
 Magic Dart               Conj           100%       1d8       1%          1
 Sandblast                Erth           56%        2d13      1%          1
 Blink                    Tloc           56%        N/A       1%          2
 Call Imp                 Summ           28%        N/A       1%          2
 Corpse Rot               Necr/Air       62%        N/A       1%          2
 Gell's Gravitas          Tloc           28%        N/A       1%          3
 Lesser Beckoning         Tloc           28%        N/A       1%          3
 Dispel Undead            Necr           28%        3d13      6%          4
 Passage of Golubria      Tloc           28%        N/A       6%          4
 Sticky Flame             Conj/Fire      28%        2d5       6%          4
 Freezing Cloud           Conj/Ice/Air   15%        6-21      12%         5
 Alistair's Intoxication  Tmut/Pois      18%        N/A       16%         5
 Borgnjor's Vile Clutch   Necr/Erth      14%        N/A       16%         5
 Yara's Violent Unravell  Hex/Tmut       14%        3d7       16%         5
 Death Channel            Necr           14%        N/A       65%         6
 Dispersal                Tloc           14%        N/A       65%         6
 Eringya's Noxious Bog    Tmut/Pois      14%        N/A       65%         6
 Simulacrum               Ice/Necr       14%        N/A       65%         6
 Polar Vortex             Ice            14%        N/A       100%        9


Dungeon Overview and Level Annotations

Branches:
Dungeon (12/15)            Temple (0/1) D:6            Lair (4/6) D:10
  Swamp (0/4) Lair:3       Spider (0/4) Lair:4          Orc (0/2) D:11

Altars:
Kikubaaqudgha
Okawaru
Ru
Trog
Uskayaw
Vehumet
Zin

Shops:
D:1 [   D:6 *   D:7 [

Portals:
Trove: D:11 (give +2 gold dragon scales)

Annotations:
D:7 Joseph
D:8 3 runed translucent doors, GigaChad's ghost, novice MiCK; Psyclone's ghost, novice OpIE; logorrheac's ghost, novice TrFi; oblizorion1's ghost, novice HOFi
D:9 2 transporters, Gastronok; chopper's ghost, journeyman MiFi
Lair:4 1 runed translucent door, Rupert; sirJeffrey23's ghost, journeyman BaMo


Innate Abilities, Weirdness & Mutations

You have very sharp teeth.
Your cowardice makes you less effective in combat with threatening foes.
You are missing an eye, making it more difficult to aim.
You are sensitive to extremes of temperature. (rF-, rC-)
Your uncanny sense of smell can sniff out nearby items.
Your experience applies equally to all skills.


Message History

Confirm with . or Enter, or press ? or * to list all spells.
Aiming: Mephitic Cloud (safe; 1% risk of failure)
Press: ? - help, Shift-Dir - straight line, f/p - Rupert
Aim: Rupert, wielding a +3 great sword of electrocution and wearing a +0 scale mail (noxious fumes, berserk, chance to affect: 24%)
The ball explodes into a vile cloud!
The stinking cloud engulfs Rupert but does no damage.
The stinking cloud engulfs you but does no damage.
You feel very sick.
Rupert is engulfed in noxious fumes.
Rupert misses you. The cane toad stings you.
Rupert is engulfed in noxious fumes.
Rupert hits you with a +3 great sword of electrocution!!
* * * LOW HITPOINT WARNING * * *
Casting: Mephitic Cloud (safe; 1% risk of failure)
Confirm with . or Enter, or press ? or * to list all spells.
Aiming: Mephitic Cloud (safe; 1% risk of failure)
Press: ? - help, Shift-Dir - straight line, f/p - Rupert
Aim: Rupert, wielding a +3 great sword of electrocution and wearing a +0 scale mail (noxious fumes, berserk, chance to affect: 24%)
The ball explodes into a vile cloud!
The stinking cloud engulfs Rupert but does no damage.
The stinking cloud engulfs you but does no damage.
* * * LOW HITPOINT WARNING * * *
You feel very sick.
The cane toad is stunned by your conviction and fails to attack.
Rupert is engulfed in noxious fumes.
Rupert hits you but does no damage.
The cane toad stings you but does no damage.
Unknown command.
Casting: Mephitic Cloud (safe; 1% risk of failure)
Confirm with . or Enter, or press ? or * to list all spells.
Aiming: Mephitic Cloud (safe; 1% risk of failure)
Press: ? - help, Shift-Dir - straight line, f/p - Rupert
Aim: Rupert, wielding a +3 great sword of electrocution and wearing a +0 scale mail (berserk, chance to affect: 24%)
The ball explodes into a vile cloud!
The stinking cloud engulfs Rupert but does no damage.
The stinking cloud engulfs you but does no damage.
* * * LOW HITPOINT WARNING * * *
You feel very sick.
Rupert is engulfed in noxious fumes.
Rupert appears confused.
A water moccasin comes into view.
The cane toad stings you!
You die...

#.##..P..P≈≈≈≈P≈≈≈
#........PPP≈P≈≈≈P #...
.P.≈P≈PP≈≈≈≈ ## #..#
..≈≈≈≈≈P≈≈≈ ..# ... #
#.P.P...≈≈P P.## #.#
#.##..@.○.....
#..####.###.##.F§§☼...$.
....##..##......@#.# ...
P........S.P.....#.#....
................#......#
...........#....#.......
....#..........#........
..###.....###..........#
..# #...######.##...P..#..
..
..######.#.##.#........#..
∆..#
...........#.##...........
.P.#


You could see Rupert (berserk, confused), a cane toad and a water moccasin
(wandering).

Vanquished Creatures
  A hydra (Lair:2)
  2 boulder beetles
  A two-headed ogre (D:12)
  A centaur warrior (D:9)
  Nergalle (Lair:4)
  Pikel (D:7)
  2 wolf spiders (Lair:2)
  A cyclops (D:11)
  A manticore (D:12)
  5 elephants (Lair:2)
  7 cane toads
  2 kobold demonologists (D:11)
  A gargoyle (D:10)
  6 komodo dragons
  5 trolls
  A meliai (Lair:4)
  2 hornets
  13 blink frogs
  A shadow (D:10)
  A water elemental (D:11)
  3 wraiths
  2 vampires
  2 wyverns
  3 basilisks
  A steam dragon (D:8)
  25 yaks
  8 vampire mosquitoes
  Grum (D:8)
  An acid dragon (D:11)
  14 water moccasins
  4 black bears
  A sky beast (D:5)
  6 orc warriors
  An ice beast (D:6)
  A centaur (D:7)
  12 wolves
  3 lemures (D:7)
  Blork the orc (D:4)
  21 bullfrogs
  A kobold brigand (D:11)
  8 necrophages
  5 scorpions
  11 wights
  7 killer bees
  2 howler monkeys (D:11)
  3 jellies (D:7)
  An electric eel (D:11)
  4 orc priests
  4 hounds
  7 iguanas
  10 orc wizards
  Robin (D:4)
  2 adders
  2 shadow imps
  3 white imps
  2 ufetubi
  A worm (D:4)
  A dart slug (D:3)
  39 orcs
  5 endoplasms
  19 goblins
  6 hobgoblins
  3 jackals (D:2)
  19 kobolds
  3 quokkas
  8 ball pythons
  8 bats
  2 frilled lizards
  4 rats
356 creatures vanquished.

Vanquished Creatures (collateral kills)
  A vampire mosquito (D:12)
  2 orc warriors
  A centaur (D:9)
  An orc priest (D:10)
5 creatures vanquished.

Vanquished Creatures (others)
  A cane toad (Lair:1)
  2 dancing weapons
  A human (D:5)
  A wolf (Lair:4)
  14 fungi
  37 plants
  2 withered plants (Lair:4)
58 creatures vanquished.

Grand Total: 419 creatures vanquished

Notes
Turn   | Place    | Note
-------+----------+-------------------------------------------
     0 | D:1      | greenreed the Gnoll Air Elementalist began the quest for
                  | the Orb.
     0 | D:1      | Reached XP level 1. HP: 13/13 MP: 6/6
    51 | D:1      | Found Ryinil's Antique Armour Emporium.
   220 | D:1      | Reached XP level 2. HP: 19/19 MP: 4/7
   223 | D:1      | Learned a level 2 spell: Static Discharge
   926 | D:1      | Reached XP level 3. HP: 25/25 MP: 5/9
  1105 | D:1      | Reached skill level 5 in Spellcasting
  1155 | D:1      | Found a faded altar of an unknown god.
  1770 | D:2      | Reached skill level 1 in Invocations
  1864 | D:2      | Identified the +6 scale mail of Ruasedgha {rC+ Int+3}
  2589 | D:3      | Found a sacrificial altar of Ru.
  2594 | D:3      | Reached skill level 1 in Fighting
  2594 | D:3      | Reached skill level 1 in Short Blades
  2594 | D:3      | Reached skill level 1 in Long Blades
  2594 | D:3      | Reached skill level 1 in Axes
  2594 | D:3      | Reached skill level 1 in Maces & Flails
  2594 | D:3      | Reached skill level 1 in Polearms
  2594 | D:3      | Reached skill level 1 in Staves
  2594 | D:3      | Reached skill level 1 in Slings
  2594 | D:3      | Reached skill level 1 in Bows
  2594 | D:3      | Reached skill level 1 in Crossbows
  2594 | D:3      | Reached skill level 1 in Throwing
  2594 | D:3      | Reached skill level 1 in Armour
  2594 | D:3      | Reached skill level 1 in Shields
  2594 | D:3      | Reached skill level 1 in Unarmed Combat
  2594 | D:3      | Reached skill level 1 in Evocations
  2595 | D:3      | Became a worshipper of Ru the Awakened
  2899 | D:3      | Reached XP level 4. HP: 20/32 MP: 4/11
  3034 | D:3      | Reached skill level 1 in Hexes
  3034 | D:3      | Reached skill level 1 in Summonings
  3034 | D:3      | Reached skill level 1 in Necromancy
  3034 | D:3      | Reached skill level 1 in Translocations
  3034 | D:3      | Reached skill level 1 in Transmutations
  3034 | D:3      | Reached skill level 1 in Fire Magic
  3034 | D:3      | Reached skill level 1 in Ice Magic
  3034 | D:3      | Reached skill level 1 in Earth Magic
  3034 | D:3      | Reached skill level 1 in Poison Magic
  3216 | D:3      | Noticed a necrophage
  3227 | D:3      | Killed a necrophage
  3228 | D:3      | Reached XP level 5. HP: 35/37 MP: 1/12
  3232 | D:3      | Learned a level 3 spell: Swiftness
  3724 | D:4      | Noticed Robin
  3937 | D:4      | Killed Robin
  4051 | D:4      | Noticed Blork the orc
  4070 | D:4      | Killed Blork the orc
  4071 | D:4      | Reached XP level 6. HP: 25/44 MP: 1/14
  4097 | D:4      | Reached skill level 5 in Dodging
  4272 | D:4      | Found a glowing silver altar of Zin.
  4272 | D:4      | Found a radiant altar of Vehumet.
  4272 | D:4      | Found a bloodstained altar of Trog.
  4300 | D:4      | Gained mutation: Your cowardice makes you less effective in
                  | combat with threatening foes. [Ru sacrifice]
  4300 | D:4      | Reached * piety under Ru
  4302 | D:4      | Noticed a black bear
  4309 | D:4      | Killed a black bear
  5033 | D:5      | Entered Level 5 of the Dungeon
  5043 | D:4      | Reached XP level 7. HP: 37/50 MP: 4/15
  5400 | D:5      | Reached skill level 5 in Stealth
  5621 | D:5      | Reached XP level 8. HP: 57/57 MP: 11/16
  5981 | D:5      | Found an ancient bone altar of Kikubaaqudgha.
  7072 | D:6      | Found a staircase to the Ecumenical Temple.
  7139 | D:6      | Noticed a +0 spear
  7139 | D:6      | Noticed a +0 falchion
  7140 | D:6      | Noticed a +0 short sword
  7140 | D:6      | Noticed a +0 dagger
  7141 | D:6      | Noticed a +0 spear
  7142 | D:6      | Noticed a +0 short sword
  7142 | D:6      | Noticed a +0 dagger
  7148 | D:6      | Noticed a +0 falchion
  7154 | D:6      | Found a hide-covered altar of Uskayaw.
  7171 | D:6      | Reached XP level 9. HP: 54/65 MP: 7/18
  7443 | D:6      | Found Serasy's Assorted Antiques.
  7859 | D:7      | Noticed Pikel
  8046 | D:7      | Noticed a troll
  8065 | D:7      | Killed a troll
  8066 | D:7      | HP: 3/65 [yak (6)]
  8894 | D:7      | Learned a level 3 spell: Teleport Other
  8915 | D:7      | Reached skill level 5 in Invocations
  9015 | D:7      | Identified the +3 hand axe "Arbiter" {spect, Int+5}
  9017 | D:7      | Identified the +0 ring mail of Rationality {Int+3 SInv}
  9032 | D:7      | Gained mutation: You are sensitive to extremes of
                  | temperature. (rF-, rC-) [Ru sacrifice]
  9032 | D:7      | Reached ** piety under Ru
  9032 | D:7      | Reached *** piety under Ru
  9083 | D:7      | Killed Pikel
  9130 | D:7      | Identified the ring of Caesoupede {Str+6 SInv}
  9137 | D:7      | Reached XP level 10. HP: 53/73 MP: 11/20
  9306 | D:7      | Noticed Joseph
  9344 | D:7      | Reached skill level 5 in Fighting
  9344 | D:7      | Reached skill level 5 in Short Blades
  9344 | D:7      | Reached skill level 5 in Long Blades
  9344 | D:7      | Reached skill level 5 in Axes
  9344 | D:7      | Reached skill level 5 in Maces & Flails
  9344 | D:7      | Reached skill level 5 in Polearms
  9344 | D:7      | Reached skill level 5 in Staves
  9344 | D:7      | Reached skill level 5 in Slings
  9344 | D:7      | Reached skill level 5 in Bows
  9344 | D:7      | Reached skill level 5 in Crossbows
  9344 | D:7      | Reached skill level 5 in Throwing
  9344 | D:7      | Reached skill level 5 in Armour
  9344 | D:7      | Reached skill level 5 in Shields
  9344 | D:7      | Reached skill level 5 in Unarmed Combat
  9344 | D:7      | Reached skill level 5 in Evocations
  9483 | D:7      | Found Giolusk's Armour Shop.
  9497 | D:7      | Bought a scarf of resistance for 384 gold pieces
 10567 | D:8      | Paralysed by a hornet for 1 turns
 10894 | D:8      | Found a runed translucent gate.
 10894 | D:8      | Found a runed translucent gate.
 10894 | D:8      | Found a runed translucent gate.
 10906 | D:8      | Noticed logorrheac's ghost (novice TrFi)
 10907 | D:8      | Noticed Psyclone's ghost (novice OpIE)
 10908 | D:8      | Noticed oblizorion1's ghost (novice HOFi)
 10908 | D:8      | Noticed GigaChad's ghost (novice MiCK)
 10962 | D:8      | Noticed Grum
 10972 | D:8      | Killed Grum
 10980 | D:8      | Reached skill level 5 in Conjurations
 11524 | D:9      | Learned a level 3 spell: Tukima's Dance
 11946 | D:9      | Noticed a centaur warrior
 11956 | D:9      | Killed a centaur warrior
 11957 | D:9      | Reached XP level 11. HP: 49/81 MP: 12/22
 12096 | D:8      | Upgraded the game from 0.29-a0-338-g1ff7896281 to
                  | 0.29-a0-350-g7790a0e70a
 12418 | D:9      | Noticed Gastronok
 12431 | D:9      | Found a transporter.
 12434 | D:9      | Noticed a moth of wrath
 12436 | D:9      | Noticed chopper's ghost (journeyman MiFi)
 12436 | D:9      | Noticed a tengu warrior
 12437 | D:9      | Found a bloodstained altar of Trog.
 12867 | D:9      | Found a transporter.
 12872 | D:9      | Noticed a two-headed ogre
 13034 | D:10     | Entered Level 10 of the Dungeon
 13046 | D:10     | Found a staircase to the Lair.
 13533 | D:10     | Reached skill level 5 in Hexes
 13533 | D:10     | Reached skill level 5 in Summonings
 13533 | D:10     | Reached skill level 5 in Necromancy
 13533 | D:10     | Reached skill level 5 in Translocations
 13533 | D:10     | Reached skill level 5 in Transmutations
 13533 | D:10     | Reached skill level 5 in Fire Magic
 13533 | D:10     | Reached skill level 5 in Ice Magic
 13533 | D:10     | Reached skill level 5 in Earth Magic
 13533 | D:10     | Reached skill level 5 in Poison Magic
 13557 | D:10     | Gained mutation: You are missing an eye, making it more
                  | difficult to aim. [Ru sacrifice]
 13557 | D:10     | Reached **** piety under Ru
 13714 | D:10     | Identified the +6 whip "Ruich" {flame, rElec rF+ Str+4}
 14031 | D:11     | Noticed a cyclops
 14447 | D:11     | Learned a level 4 spell: Airstrike
 14469 | D:11     | Killed a cyclops
 14921 | D:11     | Found a portal to a secret trove of treasure.
 15761 | D:10     | Learned a level 3 spell: Stone Arrow
 15764 | D:10     | Learned a level 2 spell: Passwall
 16372 | D:11     | Noticed a boulder beetle
 16384 | D:11     | Killed a boulder beetle
 16688 | D:11     | Found a staircase to the Orcish Mines.
 17087 | D:12     | Noticed a two-headed ogre
 17097 | D:12     | Reached XP level 12. HP: 79/89 MP: 10/24
 17104 | D:12     | Killed a two-headed ogre
 17189 | D:12     | Identified the +1 swamp dragon scales "Foupou" {Rampage
                  | rPois Int+3}
 17253 | D:12     | Identified the +1 ring mail of the Leaf {rCorr MP-9 Int+6
                  | Stlth+}
 17372 | D:12     | Noticed a boulder beetle
 17401 | D:12     | Killed a boulder beetle
 17624 | D:12     | Noticed a boulder beetle
 17680 | Lair:1   | Entered Level 1 of the Lair of Beasts
 17906 | Lair:1   | Learned a level 3 spell: Mephitic Cloud
 20083 | Lair:2   | Noticed a five-headed hydra
 20133 | Lair:2   | Killed a five-headed hydra
 20134 | Lair:2   | Reached XP level 13. HP: 98/98 MP: 4/26
 21698 | Lair:3   | Found a staircase to the Swamp.
 22186 | Lair:4   | Found a runed translucent door.
 22187 | Lair:4   | Noticed sirJeffrey23's ghost (journeyman BaMo)
 22198 | Lair:4   | Noticed Nergalle
 22375 | Lair:3   | HP: 4/97 [killer bee (1)]
 22739 | Lair:4   | Killed Nergalle
 22968 | Lair:4   | Found a hole to the Spider Nest.
 22975 | Lair:4   | Learned a level 5 spell: Manifold Assault
 23240 | Lair:4   | Found an iron altar of Okawaru.
 23296 | Lair:4   | Noticed Rupert
 23766 | Lair:4   | HP: 2/99 [poisoned by a cane toad]
 23766 | Lair:4   | Mangled by a cane toad

Illustrated notes

Levels and vault maps discovered:
D:1:      lightli_iron_boxes, layout_basic, serial_shops,
          nicolae_shop_overgrown_old_shop, chequers_ecumenical_altar_lobes
D:2:      layout_loops_cross
D:3:      wad_crossroads, layout_basic, hangedman_ru_absence
D:4:      layout_gridville, gammafunk_temple_overflow_claw, serial_rivers,
          chequers_serial_rivers_micro_d, chequers_serial_rivers_large_a,
          chequers_serial_rivers_small_b, chequers_serial_rivers_small_3,
          chequers_serial_rivers_micro_d, amcnicky_mini_rare_corridor_liquid,
          uniq_blork_the_orc, uniq_robin
D:5:      layout_cave_pools, tgw_kikubaaqudgha
D:6:      layout_basic, nicolae_uskayaw_en_pointe, lemuel_temple_firewalk_b,
          serial_shops, shop, lemuel_another_geyser
D:7:      minmay_the_grid_triangle_9x9_rhombus_thin
          [minmay_the_grid_triangle_9x9_wacky_v,
          minmay_the_grid_triangle_9x9_prize_center,
          minmay_the_grid_triangle_9x9_zippers_vertical,
          minmay_the_grid_triangle_9x9_steps], layout_basic, serial_shops, shop,
          uniq_pikel, uniq_joseph
D:8:      layout_loops_cross, gammafunk_ghost_cemetery, uniq_grum
D:9:      layout_rooms, gammafunk_ghost_wrathful_warriors, uniq_gastronok
D:10:     layout_cave_pools, lair_entry_dummy
D:11:     layout_roguey, erik_orc_2, nicolae_trove_entry_diagonal
D:12:     layout_loops_ring
Lair:1:   layout_small_grid, gauntlet_entry_generic, wad_woods_road_05
Lair:2:   layout_regular_city, nicolae_lair_run_with_the_wolves,
          grunt_megastairs_2
Lair:3:   layout_concentric_octagons, swamp_mist, beast_lair_carwin_8
Lair:4:   layout_loops_ring, hellmonk_spider_entry_not_the_bees, basic_altar,
          gammafunk_ghost_grave, nicolae_lair_lil_pond, roderic_carrion_pond,
          serial_bayou_shore_a, uniq_rupert, uniq_nergalle

Skill      XL: |  1  2  3  4  5  6  7  8  9 10 11 12 13 |
---------------+----------------------------------------+-----
Conjurations   | 2 3 4 5 6 7 |  7.3
Spellcasting   | 5 6 7 8 9 |  9.8
Invocations    | 1 2 3 4 5 6 7 8 9 |  9.2
Fighting       | 1 2 3 4 5 6 7 8 |  8.4
Short Blades   | 1 2 3 4 5 6 7 8 |  8.4
Long Blades    | 1 2 3 4 5 6 7 8 |  8.4
Axes           | 1 2 3 4 5 6 7 8 |  8.4
Maces & Flails | 1 2 3 4 5 6 7 8 |  8.4
Polearms       | 1 2 3 4 5 6 7 8 |  8.4
Staves         | 1 2 3 4 5 6 7 8 |  8.4
Slings         | 1 2 3 4 5 6 7 8 |  8.4
Bows           | 1 2 3 4 5 6 7 8 |  8.4
Crossbows      | 1 2 3 4 5 6 7 8 |  8.4
Throwing       | 1 2 3 4 5 6 7 8 |  8.4
Armour         | 1 2 3 4 5 6 7 8 |  8.4
Shields        | 1 2 3 4 5 6 7 8 |  8.4
Unarmed Combat | 1 2 3 4 5 6 7 8 |  8.4
Evocations     | 1 2 3 4 5 6 7 8 |  8.4
Hexes          | 1 2 3 4 5 6 7 |  7.0
Summonings     | 1 2 3 4 5 6 7 |  7.0
Necromancy     | 1 2 3 4 5 6 7 |  7.0
Translocations | 1 2 3 4 5 6 7 |  7.0
Transmutations | 1 2 3 4 5 6 7 |  7.0
Fire Magic     | 1 2 3 4 5 6 7 |  7.0
Ice Magic      | 1 2 3 4 5 6 7 |  7.0
Earth Magic    | 1 2 3 4 5 6 7 |  7.0
Poison Magic   | 1 2 3 4 5 6 7 |  7.0
Dodging        | 5 6 7 8 9 |  9.6
Stealth        | 5 6 7 8 9 |  9.4
Air Magic      | 6 7 8 9 |  9.0

Action                   |  1- 3 |  4- 6 |  7- 9 | 10-12 | 13-15 || total
-------------------------+-------+-------+-------+-------+-------++-------
Melee: Rapier            |       |     9 |    49 |       |       ||    58
       Bite              |       |       |     7 |    41 |    13 ||    61
       Hand axe          |       |       |     2 |    86 |       ||    88
       Punch             |       |       |     1 |    21 |     3 ||    25
       Whip              |       |       |       |   292 |   104 ||   396
Throw: Dart              |       |       |       |     8 |       ||     8
 Cast: Shock             |    77 |    81 |   134 |   251 |    25 ||   568
       Static Discharge  |     2 |    10 |    71 |    72 |    66 ||   221
       Swiftness         |       |       |     1 |     1 |       ||     2
       Stone Arrow       |       |       |       |    53 |    12 ||    65
       Airstrike         |       |       |       |    24 |    24 ||    48
       Tukima's Dance    |       |       |       |    10 |       ||    10
       Teleport Other    |       |       |       |     2 |       ||     2
       Mephitic Cloud    |       |       |       |    14 |    27 ||    41
Invok: Sacrifice Courage |       |     1 |       |       |       ||     1
       Sacrifice Resista |       |       |     1 |       |       ||     1
       Sacrifice an Eye  |       |       |       |     1 |       ||     1
       Reject Sacrifices |       |       |       |       |     1 ||     1
  Use: Scroll            |     1 |       |     9 |     5 |     6 ||    21
       Potion            |       |       |       |       |     2 ||     2
 Stab: Sleeping          |       |       |     1 |     5 |       ||     6
       Invisible         |       |       |       |     3 |       ||     3
       Distracted        |       |       |       |     2 |       ||     2
       Confused          |       |       |       |    16 |     5 ||    21
Armor: Robe              |     1 |     5 |    26 |       |       ||    32
       Scale mail        |       |       |     6 |   193 |   137 ||   336
Dodge: Dodged            |     8 |    17 |    91 |   285 |   135 ||   536

Table legend: (Time is in decaauts)
 A = Elapsed time spent in this place.
 B = Non-inter-level travel time spent in this place.
 C = Inter-level travel time spent in this place.
 D = Time resting spent in this place.
 E = Time spent auto-exploring this place.
 F = Levels seen in this place.
 G = Mean time per level.
                   A        B        C        D        E       F      G
               +--------+--------+--------+--------+--------+-----+--------+
         Total |  23697 |  23002 |    695 |    422 |  19076 |  16 | 1481.1 |
       Dungeon |  17662 |  17125 |    537 |    298 |  14355 |  12 | 1471.8 |
          Lair |   6035 |   5877 |    158 |    124 |   4721 |   4 | 1508.8 |
               +--------+--------+--------+--------+--------+-----+--------+

Top non-repeatable levels by time:
    D:11: 2328 daAuts
     D:7: 2127 daAuts
     D:8: 1848 daAuts
  Lair:1: 1828 daAuts
  Lair:2: 1827 daAuts
  Lair:3: 1672 daAuts
     D:4: 1565 daAuts
     D:3: 1534 daAuts
    D:10: 1424 daAuts
     D:9: 1411 daAuts
     D:6: 1399 daAuts
     D:5: 1338 daAuts
     D:1: 1244 daAuts
     D:2: 872 daAuts
  Lair:4: 707 daAuts
